 Dungeon Crawl Stone Soup version 0.20.1-1-g8b1a95d (webtiles) character file.

20256 vomix the Severer (level 12, -20/122 HPs)
             Began as a Minotaur Berserker on Aug 12, 2017.
             Was an Elder of Trog.
             Demolished by a komodo dragon (30 damage)
             ... on level 2 of the Lair of Beasts.
             The game lasted 00:22:29 (10574 turns).

vomix the Severer (Minotaur Berserker)             Turns: 10574, Time: 00:22:30

Health: -20/122    AC:  4    Str: 24    XL:     12   Next: 43%
Magic:  20/20      EV:  9    Int:  6    God:    Trog [****..]
Gold:   858        SH:  0    Dex: 12    Spells: 11/11 levels left

rFire    + . .     SeeInvis .   f - +6 battleaxe (flame)
rCold    . . .     Gourm    .   (shield currently unavailable)
rNeg     + . .     Faith    .   i - +1 chain mail {rN+}
rPois    +         Spirit   .   (helmet restricted)
rElec    .         Reflect  .   (no cloak)
rCorr    .         Harm     .   p - +2 pair of gloves
MR       ++...                  R - +0 pair of boots of Tartarus {Int+2}
Stlth    ..........             Q - amulet of Accord {+Rage rPois rF+ Dex-3}
Regen    1.3/turn               e - +2 ring of protection
MPRegen  0.2/turn               F - ring "Cuyh" {MP+9 Dex+2}

@: corroded, berserk cooldown, regenerating, hasted and slowed
A: retaliatory headbutt, horns 2
a: Berserk, Trog's Hand, Brothers in Arms, Burn Spellbooks, Renounce Religion,
Evoke Berserk Rage


You were on level 2 of the Lair of Beasts.
You worshipped Trog.
Trog was greatly pleased with you.
You were not hungry.

You visited 3 branches of the dungeon, and saw 13 of its levels.

You collected 858 gold pieces.

Inventory:

Hand Weapons
 f - a +6 battleaxe of flaming (weapon)
Armour
 i - a +1 chain mail of positive energy (worn)
 p - a +2 pair of gloves (worn)
 y - a +0 plate armour
 E - the +0 ring mail of the Comet {rElec Str+4}
   (You found it on level 8 of the Dungeon)

   It affects your strength (+4).
   It insulates you from electricity.
 R - the +0 pair of boots of Tartarus (worn) {Int+2}
   (You found it on level 10 of the Dungeon)

   It affects your intelligence (+2).
Jewellery
 e - a +2 ring of protection (left hand)
 F - the ring "Cuyh" (right hand) {MP+9 Dex+2}
   (You found it on level 9 of the Dungeon)

   [ring of magical power]

   It affects your dexterity (+2).
   It affects your magic capacity (+9).
 Q - the amulet of Accord (around neck) {+Rage rPois rF+ Dex-3}
   (You found it on level 10 of the Dungeon)

   [amulet of rage]

   It affects your dexterity (-3).
   It protects you from fire.
   It protects you from poison.
   It lets you go berserk.
Wands
 a - a wand of flame (0/48)
 n - a wand of lightning (2/15)
 v - a wand of clouds (3/9)
 H - a wand of digging (13/24)
 I - a wand of iceblast (0/15)
 M - a wand of polymorph (8/24)
 N - a wand of random effects (26/48)
 O - a wand of scattershot (2/9)
Scrolls
 l - 2 scrolls of enchant armour {unknown}
 m - a scroll of magic mapping {unknown}
 q - a scroll of recharging {unknown}
 r - a scroll of brand weapon {unknown}
 s - 10 scrolls of teleportation
 u - a scroll of remove curse
 A - a scroll of torment {unknown}
 B - 4 scrolls of fear {unknown}
 D - a scroll of immolation {unknown}
 G - a scroll of blinking {unknown}
 K - a scroll of enchant weapon {unknown}
 L - 2 scrolls of fog {unknown}
 P - a scroll of vulnerability {unknown}
Potions
 b - a potion of agility
 h - a potion of degeneration
 k - a potion of might
 o - 4 potions of flight
 t - 6 potions of lignification
 w - 2 potions of haste
 x - a potion of invisibility
 C - 5 potions of curing
 J - a potion of mutation {unknown}
Comestibles
 c - 6 bread rations
 d - 5 meat rations
 g - 18 royal jellies
 j - 7 fruits


   Skills:
 - Level 16.0 Fighting
 + Level 17.4 Axes
 - Level 2.4 Armour
 - Level 2.1 Dodging


You had 11 spell levels left.
You didn't know any spells.

Dungeon Overview and Level Annotations

Branches:
Dungeon (10/15)            Temple (1/1) D:4            Lair (2/6) D:10
  Swamp: Lair:2-4    Shoals: Lair:2-4     Snake: Lair:2-4    Spider: Lair:2-4
    Orc: D:9-12

Altars:
Ashenzari
Cheibriados
Dithmenos
Elyvilon
Fedhas
Gozag
Hepliaklqana
Kikubaaqudgha
Makhleb
Nemelex Xobeh
Okawaru
Qazlal
Ru
Sif Muna
Trog
Uskayaw
Vehumet
Xom
Yredelemnul
Zin
The Shining One

Shops:
D:7 }   D:9 (


Innate Abilities, Weirdness & Mutations

You reflexively headbutt those who attack you in melee.
You have a pair of horns on your head.


Message History

* * * LOW HITPOINT WARNING * * *
You barely miss the komodo dragon. You headbutt the komodo dragon!
The komodo dragon is moderately wounded.
The komodo dragon bites you.
* * * LOW HITPOINT WARNING * * *
You barely miss the komodo dragon.
The komodo dragon is moderately wounded.
The komodo dragon bites you!
* * * LOW HITPOINT WARNING * * *
You feel much better. The komodo dragon bites you!!
* * * LOW HITPOINT WARNING * * *
The komodo dragon bites you!
* * * LOW HITPOINT WARNING * * *
You feel better. The komodo dragon bites you!!
* * * LOW HITPOINT WARNING * * *
Okay, then.
You feel yourself speed up.
The komodo dragon bites you but does no damage.
The komodo dragon bites you!!
You die...

# #### ### #####################
#..###.######.#..#P#.#.P#.#..##.#
.................................
..##...##.#......................
#..#######.#...........).........
#.## ##......................
P.## ######....@l...............
#.P####.#.#....##+..#............
.............P......#.....#####..
#...................P.....## ##.
#...#..##.#................# ##
#...#######...P####........# #
#...# #................# # #...#
##...............## # #..##
#P................# #


You could see a komodo dragon.

Vanquished Creatures
  3 hydras
  Erica (Lair:2)
  4 two-headed ogres
  Urug (Lair:2)
  Sonja (Lair:1)
  An oklob plant (Lair:2)
  A deep elf mage (D:9)
  4 spiny frogs
  Psyche (D:9)
  A komodo dragon (D:10)
  A polar bear (Lair:2)
  4 hornets (D:8)
  2 trolls (D:10)
  5 blink frogs (Lair:1)
  6 hippogriffs
  A vampire (D:9)
  A wraith (D:10)
  10 yaks (D:10)
  2 wyverns
  3 basilisks
  A hungry ghost (D:10)
  A steam dragon (D:9)
  A water moccasin (Lair:2)
  5 orc warriors
  3 phantoms
  An ice beast (D:10)
  4 necrophages (D:9)
  A centaur (D:7)
  8 ogres
  3 wolves (Lair:1)
  5 crocodiles
  A big kobold (D:6)
  5 bullfrogs
  A water moccasin zombie (D:10)
  A wyvern zombie (D:10)
  A wyvern skeleton (D:9)
  A scorpion (D:4)
  A killer bee (D:10)
  4 wights
  3 howler monkeys
  A bullfrog zombie (D:6)
  5 crimson imps
  A centaur zombie (D:8)
  A quasit (D:10)
  6 orc priests
  3 hounds
  3 jellies
  A bullfrog skeleton (D:10)
  2 centaur skeletons
  4 iguanas
  11 orc wizards
  Natasha (thrice) (D:4)
  10 worker ants
  3 hound skeletons
  A mummy (D:9)
  A worker ant zombie (D:9)
  4 gnolls (D:7)
  A howler monkey skeleton (D:5)
  10 adders
  3 shadow imps
  An adder skeleton (D:4)
  4 worms
  4 dart slugs
  6 leopard geckos
  29 orcs
  2 ball pythons (D:5)
  3 giant cockroaches
  4 hobgoblins
  7 jackals
  9 kobolds
  5 quokkas
  9 bats
  6 frilled lizards
  A giant cockroach zombie (D:5)
  9 goblins
  3 jackal skeletons
  A quokka zombie (D:9)
  6 rats
287 creatures vanquished.

Vanquished Creatures (others)
  A fungus (Lair:1)
  2 plants (D:10)
3 creatures vanquished.

Grand Total: 290 creatures vanquished

Notes
Turn   | Place    | Note
-------+----------+-------------------------------------------
     0 | D:1      | vomix the Minotaur Berserker began the quest for the Orb.
     0 | D:1      | Reached XP level 1. HP: 19/19 MP: 0/0
   111 | D:1      | Reached XP level 2. HP: 26/27 MP: 1/1
   112 | D:1      | Reached skill level 4 in Axes
   329 | D:1      | Reached ** piety under Trog
   332 | D:1      | Reached XP level 3. HP: 34/34 MP: 2/2
   716 | D:2      | You fall through a shaft for 2 floors!
   716 | D:4      | Noticed Natasha
   719 | D:4      | Killed Natasha
   815 | D:3      | Reached skill level 5 in Fighting
   815 | D:3      | Reached XP level 4. HP: 41/42 MP: 3/3
  1061 | D:2      | Reached skill level 5 in Axes
  2024 | D:4      | Reached *** piety under Trog
  2037 | D:4      | Found a sacrificial altar of Ru.
  2038 | D:4      | Noticed an ogre
  2042 | D:4      | Killed an ogre
  2042 | D:4      | Reached XP level 5. HP: 50/50 MP: 4/4
  2068 | D:4      | Reached skill level 6 in Axes
  2384 | D:4      | Noticed an ogre
  2392 | D:4      | Reached XP level 6. HP: 58/58 MP: 5/5
  2420 | D:4      | Found a staircase to the Ecumenical Temple.
  2465 | D:4      | Reached skill level 7 in Axes
  2484 | D:4      | Noticed Natasha
  2487 | D:4      | Reached XP level 7. HP: 43/66 MP: 6/6
  2491 | D:4      | Killed Natasha
  2557 | D:4      | Noticed Natasha
  2563 | D:4      | Killed Natasha
  3091 | Temple   | Entered the Ecumenical Temple
  3211 | D:5      | Entered Level 5 of the Dungeon
  3476 | D:5      | Reached skill level 8 in Axes
  3640 | D:5      | Reached **** piety under Trog
  3737 | D:5      | Found a shattered altar of Ashenzari.
  3739 | D:5      | Found a hazy altar of Hepliaklqana.
  4002 | D:6      | Reached XP level 8. HP: 75/75 MP: 7/7
  4120 | D:6      | Reached skill level 9 in Axes
  4440 | D:6      | Noticed a two-headed ogre
  4445 | D:6      | Killed a two-headed ogre
  4445 | D:6      | Reached skill level 10 in Fighting
  4445 | D:6      | Reached skill level 10 in Axes
  4445 | D:6      | Reached XP level 9. HP: 86/86 MP: 8/8
  4531 | D:7      | Found Kawugees's Gadget Boutique.
  4548 | D:7      | Found an ancient bone altar of Kikubaaqudgha.
  4656 | D:7      | Found a radiant altar of Vehumet.
  4760 | D:7      | Found a blossoming altar of Fedhas.
  4762 | D:7      | Reached ***** piety under Trog
  4900 | D:7      | Found an iron altar of Okawaru.
  5004 | D:7      | Reached skill level 11 in Axes
  5185 | D:7      | Found a glowing golden altar of the Shining One.
  5194 | D:7      | Found a sacrificial altar of Ru.
  5535 | D:8      | Got a faintly glowing ring mail
  5546 | D:8      | Identified the +0 ring mail of the Comet {rElec Str+4} (You found it on level 8 of the Dungeon)
  5609 | D:8      | Paralysed by a hornet for 1 turns
  5610 | D:8      | Reached skill level 12 in Axes
  5613 | D:8      | Paralysed by a hornet for 3 turns
  5618 | D:8      | Reached XP level 10. HP: 64/99 MP: 9/9
  6031 | D:8      | Found a sparkling altar of Nemelex Xobeh.
  6276 | D:9      | Noticed a deep elf mage
  6278 | D:9      | Killed a deep elf mage
  6290 | D:9      | Noticed Psyche
  6298 | D:9      | Killed Psyche
  6298 | D:9      | Reached skill level 13 in Axes
  6404 | D:9      | Got a scintillating pewter ring
  6405 | D:9      | Identified the ring "Cuyh" {MP+9 Dex+2} (You found it on level 9 of the Dungeon)
  6427 | D:9      | Found Arphuunly's Antique Weapon Shoppe.
  6512 | D:9      | Found an opulent altar of Gozag.
  6547 | D:9      | Noticed a two-headed ogre
  6552 | D:9      | Killed a two-headed ogre
  7110 | D:9      | Received a gift from Trog
  7159 | D:9      | Noticed a two-headed ogre
  7167 | D:9      | Killed a two-headed ogre
  7338 | D:9      | Found a shimmering altar of Xom.
  7554 | D:10     | Entered Level 10 of the Dungeon
  7569 | D:10     | Reached skill level 14 in Axes
  7702 | D:10     | Reached XP level 11. HP: 109/110 MP: 10/10
  7772 | D:10     | Found a staircase to the Lair.
  7924 | D:10     | Noticed a two-headed ogre
  7929 | D:10     | Killed a two-headed ogre
  8108 | D:10     | Reached skill level 15 in Fighting
  8138 | D:10     | Noticed a five-headed hydra
  8139 | D:10     | Noticed a seven-headed hydra
  8144 | D:10     | Killed a five-headed hydra
  8144 | D:10     | Reached skill level 15 in Axes
  8147 | D:10     | Killed a two-headed hydra
  8171 | D:10     | Got a bloodstained short sword
  8173 | D:10     | Identified Kajeol's Reference Book on Icy Ignition
  8201 | D:10     | Got a translucent quarterstaff
  8228 | D:10     | Got a smoking zirconium amulet
  8251 | D:10     | Got a pair of translucent boots
  8530 | D:10     | Identified the cursed +0 pair of boots of Tartarus {Int+2} (You found it on level 10 of the Dungeon)
  8532 | D:10     | Identified the amulet of Accord {+Rage rPois rF+ Dex-3} (You found it on level 10 of the Dungeon)
  8534 | D:10     | Identified the +11 short sword of Disharmony {pierce, +Rage rC+ Str-4} (You found it on level 10 of the Dungeon)
  8535 | D:10     | Identified the +6 quarterstaff "Z" {protect, Int+2} (You found it on level 10 of the Dungeon)
  8621 | Lair:1   | Entered Level 1 of the Lair of Beasts
  8624 | Lair:1   | Noticed Sonja
  8627 | Lair:1   | Killed Sonja
  8767 | Lair:1   | Reached XP level 12. HP: 97/122 MP: 11/11
  8916 | Lair:1   | Reached skill level 16 in Axes
  9500 | Lair:2   | Noticed Erica
  9509 | Lair:2   | Killed Erica
  9575 | Lair:2   | Noticed Urug
  9583 | Lair:2   | Killed Urug
  9687 | Lair:2   | Noticed a six-headed hydra
  9695 | Lair:2   | Killed a one-headed hydra
  9695 | Lair:2   | Reached skill level 17 in Axes
 10574 | Lair:2   | Demolished by a komodo dragon

Skill      XL: |  1  2  3  4  5  6  7  8  9 10 11 12 |
---------------+-------------------------------------+-----
Fighting       | 4 5 6 7 8 10 12 14 16 | 16.0
Axes           | 4 5 6 7 8 10 12 14 15 17 | 17.4
Armour         | |  2.4
Dodging        | |  2.1

Action                   |  1- 3 |  4- 6 |  7- 9 | 10-12 || total
-------------------------+-------+-------+-------+-------++-------
Melee: Hand axe          |    61 |   110 |    14 |       ||   185
       Headbutt          |     7 |    22 |    45 |    63 ||   137
       War axe           |       |       |   195 |    71 ||   266
       Battleaxe         |       |       |       |   208 ||   208
Invok: Berserk           |       |     2 |     3 |     9 ||    14
       Burn Spellbooks   |       |     1 |     2 |     2 ||     5
       Trog's Hand       |       |       |       |     5 ||     5
Evoke: Wand              |       |       |       |    17 ||    17
  Use: Scroll            |       |       |     7 |     7 ||    14
       Potion            |       |       |       |     3 ||     3
  Eat: Chunk             |       |     7 |    12 |    16 ||    35
       Meat ration       |       |       |       |     1 ||     1
       Bread ration      |       |       |       |     1 ||     1
       Royal jelly       |       |       |       |     2 ||     2
Armor: Animal skin       |     2 |       |       |       ||     2
       Ring mail         |    14 |     3 |       |       ||    17
       Chain mail        |       |    51 |    21 |    23 ||    95
       Plate armour      |       |       |   111 |   144 ||   255
Dodge: Dodged            |    34 |    39 |    68 |    83 ||   224
